 Dungeon Crawl Stone Soup version 0.20-a0-315-g8346a86 (webtiles) character file.

74362 kuniqs the Blocker (level 15, -19/90 HPs)
             Began as a Gargoyle Fighter on Dec 20, 2016.
             Was the Champion of Qazlal.
             Demolished by a sphinx (21 damage)
             ... summoned by Kirke
             ... on level 5 of the Lair of Beasts on Dec 21, 2016.
             The game lasted 01:06:43 (22081 turns).

kuniqs the Blocker (Gargoyle Fighter)              Turns: 22081, Time: 01:06:44

Health: -19/90     AC:  3    Str: 24    XL:     15   Next: 46%
Magic:  23/23      EV: 13    Int: 11    God:    Qazlal [******]
Gold:   1611       SH:  8    Dex:  9    Spells: 14/14 levels left

rFire  . . .     SeeInvis .     (weapon currently unavailable)
rCold  . . .     Gourm    .     (armour currently unavailable)
rNeg   + . .     Faith    .     (shield currently unavailable)
rPois  ∞         Spirit   .     (helmet currently unavailable)
rElec  .         Reflect  .     (cloak currently unavailable)
rCorr  .         Harm     .     (gloves currently unavailable)
MR     +....                    (boots currently unavailable)
Stlth  +.........               (no amulet)
                                (ring currently unavailable)
                                (ring currently unavailable)

@: about to teleport, pig-form, protected from physical damage, flying, slowed,
repel missiles, drained
A: (antennae 0), (big wings), frail 1, negative energy resistance 1,
(electricity resistance), (unbreathing), petrification resistance, rot immunity,
AC +11
a: Upheaval, Elemental Force, Disaster Area, Renounce Religion


You were on level 5 of the Lair of Beasts.
You worshipped Qazlal.
Qazlal was exalted by your worship.
You were not hungry.
You were a filthy swine.
You visited 4 branches of the dungeon, and saw 23 of its levels.

You collected 1807 gold pieces.
You spent 196 gold pieces at shops.

Inventory:

Hand Weapons
 s - a +3 dagger of venom
 F - a +5 war axe (melded)
 K - a +4 flail of freezing
Missiles
 x - 4 throwing nets (quivered)
Armour
 c - a +1 shield (melded)
 g - the +8 plate armour "Eqoevas" (melded) {Str+2}
   (You found it on level 7 of the Dungeon)

   It affects your strength (+2).
 i - a +0 pair of gloves (melded)
 j - a +0 pair of boots (melded)
 k - the +2 helmet "Osieng" {Str+6}
   (You found it on level 9 of the Dungeon)

   It affects your strength (+6).
 u - a +1 cloak of invisibility (melded)
Jewellery
 v - an uncursed ring of ice
 G - a ring of wizardry (melded)
 L - an uncursed ring of fire
 O - the amulet of Music {Harm *Drain rElec MR+}
   (You found it on level 10 of the Dungeon)

   [amulet of harm]

   It increases damage dealt and taken.
   It insulates you from electricity.
   It affects your resistance to hostile enchantments.
   It causes draining when unequipped.
 P - the ring of the Enemy {+Inv MP+9}
   (You found it on level 3 of the Lair of Beasts)

   [ring of magical power]

   It affects your magic capacity (+9).
   It lets you turn invisible.
Wands
 y - a wand of teleportation (5/9)
 D - a wand of flame (12/48)
 N - a wand of polymorph (11/24)
 Q - a wand of disintegration (7/24)
 R - a wand of lightning (10/15)
 S - a wand of confusion (16/48)
Scrolls
 a - 5 scrolls of teleportation
 b - 4 scrolls of fog
 h - 3 scrolls of immolation
 o - 11 scrolls of remove curse {@r2}
 p - 3 scrolls of fear
 t - a scroll of magic mapping
 w - 3 scrolls of recharging
 z - 3 scrolls of enchant weapon
 A - 2 scrolls of holy word
 C - 6 scrolls of enchant armour
 E - a scroll of vulnerability
 W - a scroll of summoning
Potions
 l - a potion of agility
 n - a potion of might
 q - 2 potions of curing {@q1}
 B - a potion of cancellation
 J - a potion of brilliance
 M - a potion of haste
 V - 2 potions of heal wounds
Comestibles
 d - 10 bread rations
 e - 11 meat rations
 f - 34 fruits
 m - 5 royal jellies
 r - 7 slices of pizza
 H - 8 chunks of flesh
 I - 5 beef jerkies


   Skills:
 - Level 14.0(13.2) Fighting
 + Level 12.2(11.5) Axes
 - Level 11.0(10.3) Armour
 + Level 14.5(13.8) Shields
 + Level 11.5(10.8) Invocations
 + Level 3.4(2.8) Evocations


You had 14 spell levels left.
You didn't know any spells.

Dungeon Overview and Level Annotations

Branches:
Dungeon (15/15)            Temple (1/1) D:7            Lair (5/6) D:10
 Shoals (0/4) Lair:3        Snake (0/4) Lair:2        Slime (0/5) Lair:5
    Orc (2/2) D:10            Elf (0/3) Orc:2        Vaults (0/5) D:13
 Depths: D:15

Altars:
Ashenzari
Cheibriados
Dithmenos
Elyvilon
Fedhas
Gozag
Hepliaklqana
Kikubaaqudgha
Makhleb
Nemelex Xobeh
Okawaru
Qazlal
Ru
Sif Muna
Trog
Uskayaw
Vehumet
Xom
Yredelemnul
Zin
The Shining One

Shops:
D:4 *   D:7 :   D:10 %(*   D:13 ?   Orc:2 *[(:

Annotations:
D:14 exclusion: downstairs
D:15 exclusion: Roxanne, Roxanne
Lair:5 Kirke


Innate Abilities, Weirdness & Mutations

You are resistant to torment.
((Your stone body is resilient. (AC +11)))
You are immune to poison.
((Your large and strong wings let you fly indefinitely.))
You resist negative energy. (rN+)
((You are resistant to electric shocks. (rElec)))
((You can survive without breathing.))
You are immune to petrification.
You are immune to rotting.
((You have a pair of small antennae on your head.))
You are frail. (-10% HP)


Message History

Unknown command.
Unknown command.
You're too confused!
You feel better. The sphinx closely misses you. The sphinx hits you.
* * * LOW HITPOINT WARNING * * *
You block the sphinx's attack. x2; The sphinx barely misses you.
The sphinx misses you.
As you read the scroll of teleportation, it crumbles to dust.
You feel strangely unstable.
The hog is engulfed in roaring flames.
You kill the hog!
Qazlal accepts your kill. The sphinx hits you!
* * * LOW HITPOINT WARNING * * *
You feel more protected from physical attacks.
The sphinx hits you!
* * * LOW HITPOINT WARNING * * *
The sphinx hits you.
* * * LOW HITPOINT WARNING * * *
The sphinx hits you!!
You die...

##. ... #..# ......# ##...#
. #...#.### #.#+.#####
P.###.....#.####......#.##
..#...... #.#......<.#.###
......§###§..............
#....§§..§.####.#.###..#
#..†..#h§..####..#.##.##
#.†..§H#..##..#..#..#... .
#.....#.§.##....#.......
....#.....##...##....###....
#......##.......>......##
##.....###..........##.#
#......#..##.....#.##..
...#.#.##..#..#.....##..
#........#..##......#....


You could see a sphinx.

Vanquished Creatures
  Rupert (Lair:4)
  An orc warlord (Orc:1)
  The ghost of Graouh the Carver, a journeyman MiFi of Okawaru (D:12)
  Josephine (D:14)
  The ghost of Kadarus the Spear-Bearer, a journeyman FoCK of Xom (Lair:4)
  4 hydras
  Fannar (D:11)
  2 death knights
  An ogre mage (D:15)
  2 centaur warriors (D:15)
  6 two-headed ogres
  A tengu warrior (D:15)
  2 skeletal warriors
  An unseen horror (D:10)
  A deep elf archer (D:14)
  4 orc knights
  A wolf spider zombie (D:14)
  5 orc sorcerers (Orc:2)
  3 ugly things
  2 deep elf magi (D:13)
  An oklob plant (Lair:3)
  A manticore (Lair:3)
  A faun (shapeshifter) (D:14)
  4 cyclopes
  3 elephants (Lair:2)
  A moth of wrath (shapeshifter) (D:13)
  4 centaur zombies
  Maurice (Orc:2)
  A torpor snail (Lair:3)
  5 black mambas
  9 spiny frogs
  2 gargoyles
  A yaktaur (D:15)
  3 rime drakes
  2 ice devils
  4 komodo dragons
  4 freezing wraiths
  8 trolls
  A hornet (Lair:5)
  8 hippogriffs
  11 dream sheep
  A polar bear (Lair:4)
  10 blink frogs (Lair:4)
  A centaur simulacrum (D:14)
  8 wraiths
  Eustachio (D:5)
  A spriggan (shapeshifter) (D:13)
  A wyvern (Lair:3)
  52 yaks
  2 hungry ghosts
  3 hogs (Lair:5)
  Menkaure (D:5)
  2 wargs (Orc:1)
  5 nagas (Lair:2)
  A soldier ant (shapeshifter) (D:15)
  An acid dragon (D:11)
  8 water moccasins
  A soldier ant (D:11)
  6 porcupines
  36 orc warriors
  3 ice beasts
  6 phantoms
  14 wolves
  9 sky beasts
  A black bear (shapeshifter) (D:13)
  A black bear (D:12)
  2 necrophages (D:12)
  15 ogres
  9 centaurs
  A crocodile (shapeshifter) (D:13)
  8 crocodiles
  Blork the orc (D:5)
  5 big kobolds
  13 bullfrogs
  2 wyvern zombies
  3 gnoll sergeants (D:10)
  6 scorpions
  A killer bee (D:7)
  7 wights
  6 crimson imps
  21 jellies
  2 quasits
  6 bullfrog zombies
  5 hounds
  A gnoll shaman (D:6)
  29 orc priests
  6 centaur skeletons
  2 iguanas
  20 orc wizards
  6 hell rats (Lair:3)
  8 worker ants
  A killer bee zombie (D:6)
  20 gnolls
  10 adders
  17 river rats (Lair:3)
  2 shadow imps
  6 oozes
  An adder skeleton (D:4)
  A worm (D:3)
  2 dart slugs (D:1)
  3 leopard geckos
  81 orcs
  10 giant cockroaches
  9 goblins
  5 hobgoblins
  16 jackals
  10 kobolds
  11 quokkas
  3 bats (D:1)
  6 frilled lizards
  A leopard gecko zombie (D:7)
  2 quokka skeletons
  18 rats
  2 butterflies (Lair:3)
  3 fungi
716 creatures vanquished.

Vanquished Creatures (others)
  10 fungi
  3 plants
13 creatures vanquished.

Grand Total: 729 creatures vanquished

Notes
Turn   | Place    | Note
-------+----------+-------------------------------------------
     0 | D:1      | kuniqs the Gargoyle Fighter began the quest for the Orb.
     0 | D:1      | Reached XP level 1. HP: 14/14 MP: 1/1
    88 | D:1      | Reached XP level 2. HP: 17/19 MP: 2/2
   321 | D:1      | Reached XP level 3. HP: 20/23 MP: 3/3
  1048 | D:2      | Reached XP level 4. HP: 28/28 MP: 4/4
  2105 | D:4      | Reached XP level 5. HP: 17/33 MP: 5/5
  2285 | D:4      | Reached XP level 6. HP: 35/38 MP: 6/6
  2329 | D:4      | Found Viynt's General Store.
  2347 | D:4      | Bought a scroll of remove curse for 36 gold pieces
  2347 | D:4      | Bought a scroll of identify for 24 gold pieces
  2347 | D:4      | Bought a potion of mutation for 30 gold pieces
  2347 | D:4      | Bought a scroll of identify for 24 gold pieces
  2421 | D:5      | Entered Level 5 of the Dungeon
  2728 | D:4      | Noticed a phantom
  2773 | D:4      | Killed a phantom
  2773 | D:4      | Reached skill level 5 in Armour
  3295 | D:4      | Reached XP level 7. HP: 40/44 MP: 7/7
  3597 | D:4      | Reached skill level 5 in Shields
  3661 | D:5      | Noticed Blork the orc
  3703 | D:5      | Killed Blork the orc
  3703 | D:5      | Reached skill level 5 in Fighting
  4211 | D:5      | Found a shadowy altar of Dithmenos.
  4221 | D:5      | Noticed Menkaure
  4223 | D:5      | Killed Menkaure
  4223 | D:5      | Reached XP level 8. HP: 42/50 MP: 8/8
  4469 | D:5      | Noticed Eustachio
  4484 | D:5      | Killed Eustachio
  4484 | D:5      | Reached skill level 5 in Axes
  4942 | D:6      | Reached XP level 9. HP: 43/56 MP: 9/9
  5017 | D:7      | Found Faxevupn's Book Boutique.
  5962 | D:7      | Got a spiked plate armour
  5963 | D:7      | Identified the +8 plate armour "Eqoevas" {Str+2} (You found it on level 7 of the Dungeon)
  6056 | D:7      | Found an ancient bone altar of Kikubaaqudgha.
  6678 | D:7      | Found a staircase to the Ecumenical Temple.
  6687 | Temple   | Entered the Ecumenical Temple
  6954 | D:8      | Reached XP level 10. HP: 41/64 MP: 10/10
  7507 | D:8      | Found a glowing golden altar of the Shining One.
  7511 | D:8      | Found a bloodstained altar of Trog.
  7511 | D:8      | Found a hide-covered altar of Uskayaw.
  7512 | D:8      | Found a snail-covered altar of Cheibriados.
  7512 | D:8      | Found a stormy altar of Qazlal.
  7519 | D:8      | Became a worshipper of Qazlal Stormbringer
  8187 | D:8      | You fall through a shaft for 3 floors!
  8190 | D:12     | Noticed a green ugly thing
  8191 | D:12     | Noticed a cyclops
  8194 | D:12     | Noticed a gargoyle
  8201 | D:11     | Noticed Fannar
  8207 | D:11     | Noticed a purple ugly thing
  8212 | D:10     | Entered Level 10 of the Dungeon
  8336 | D:10     | Reached * piety under Qazlal
  9011 | D:9      | Identified the +2 helmet "Osieng" {Str+6} (You found it on level 9 of the Dungeon)
  9194 | D:9      | Reached ** piety under Qazlal
  9477 | D:10     | Found a staircase to the Lair.
  9498 | Lair:1   | Entered Level 1 of the Lair of Beasts
  9499 | Lair:1   | TIER I
  9532 | D:10     | Found Vanletoepp's Food Boutique.
  9596 | D:10     | Found Osucoic's Weapon Emporium.
  9607 | D:10     | Noticed a two-headed ogre
  9611 | D:10     | Killed a two-headed ogre
  9611 | D:10     | Reached skill level 10 in Shields
  9611 | D:10     | Reached XP level 11. HP: 72/72 MP: 11/11
  9620 | D:10     | Got a wavering iron amulet
  9623 | D:10     | Identified the amulet of Music {Harm *Drain rElec MR+} (You found it on level 10 of the Dungeon)
  9775 | D:10     | Found a staircase to the Orcish Mines.
  9885 | Orc:1    | Entered Level 1 of the Orcish Mines
  9980 | D:10     | Reached skill level 10 in Fighting
 10028 | D:10     | Found Izeudyod's Assorted Antiques.
 10033 | D:10     | Bought a lumpy coppery potion for 26 gold pieces
 10088 | Orc:1    | Noticed Maurice
 10108 | Orc:1    | Reached *** piety under Qazlal
 10214 | Orc:1    | Reached skill level 10 in Armour
 10221 | Orc:1    | Reached skill level 1 in Invocations
 10235 | Orc:2    | Entered Level 2 of the Orcish Mines
 10235 | Orc:2    | Found Kouvaeni's Book Shop.
 10235 | Orc:2    | Noticed an orc knight
 10311 | Orc:2    | Noticed an orc knight
 10379 | Orc:1    | Killed an orc knight
 10554 | Orc:2    | Found Oteafipn's Antique Weapon Emporium.
 10554 | Orc:2    | Noticed an orc sorcerer
 10558 | Orc:2    | Noticed an orc sorcerer
 10558 | Orc:2    | Noticed a sixfirhy
 10559 | Orc:2    | Noticed an orc sorcerer
 10593 | Orc:1    | Reached **** piety under Qazlal
 10613 | Orc:2    | Noticed an orc knight
 10613 | Orc:2    | Noticed an orc warlord
 10845 | Orc:1    | Killed an orc knight
 11072 | Orc:2    | Noticed an orc sorcerer
 11088 | Orc:2    | Killed an orc sorcerer
 11088 | Orc:2    | Reached XP level 12. HP: 72/79 MP: 14/14
 11113 | Orc:2    | Found a staircase to the Elven Halls.
 11462 | Orc:2    | Noticed a sun demon
 11476 | Orc:2    | Paralysed by an orc sorcerer for 5 turns
 11485 | Orc:2    | Found Jupal's Antique Armour Boutique.
 11511 | Orc:1    | HP: 2/79 [orc wizard/puff of flame (6)]
 12106 | Orc:1    | Killed an orc warlord
 12379 | Orc:2    | Killed Maurice
 12851 | Orc:2    | Paralysed by an orc sorcerer for 4 turns
 12946 | Orc:2    | Reached skill level 5 in Invocations
 12954 | Orc:2    | Paralysed by an orc sorcerer for 3 turns
 13177 | Orc:2    | Found Bomoleysch's General Store.
 13185 | Orc:2    | Bought a potion of agility for 56 gold pieces
 14178 | D:11     | Noticed a two-headed ogre
 14218 | D:11     | Killed a two-headed ogre
 14258 | D:12     | Noticed a two-headed ogre
 14259 | D:12     | Noticed Graouh's ghost (journeyman MiFi)
 14278 | D:11     | Killed a two-headed ogre
 14511 | D:11     | Noticed a two-headed ogre
 14530 | D:11     | Killed a two-headed ogre
 14530 | D:11     | Reached XP level 13. HP: 55/85 MP: 17/17
 14762 | D:11     | Killed Fannar
 14762 | D:11     | Reached skill level 10 in Axes
 15431 | D:12     | Killed Graouh's ghost
 15522 | D:12     | Reached ***** piety under Qazlal
 16169 | D:13     | Found Vasi's Magic Scroll Shop.
 16467 | D:13     | Found a gate to the Vaults.
 16731 | D:14     | Noticed Josephine
 16737 | D:14     | Killed Josephine
 16806 | D:14     | Gained mutation: Your large and strong wings let you fly indefinitely. [Gargoyle growth]
 16806 | D:14     | Reached XP level 14. HP: 94/94 MP: 20/20
 17355 | D:15     | Entered Level 15 of the Dungeon
 17707 | D:15     | Noticed Roxanne
 17792 | D:15     | Gained mutation: You have a pair of small antennae on your head. [potion of beneficial mutation]
 17793 | D:15     | FUCK
 18384 | Lair:1   | Gained mutation: Your flesh is cold resistant. (rC+) [potion of mutation]
 18384 | Lair:1   | Lost mutation: Your flesh is cold resistant. (rC+) [potion of mutation]
 18384 | Lair:1   | Gained mutation: You are frail. (-10% HP) [potion of mutation]
 18605 | Lair:2   | Reached skill level 10 in Invocations
 19037 | Lair:2   | Found a staircase to the Snake Pit.
 19502 | Lair:3   | Reached ****** piety under Qazlal
 19957 | Lair:3   | Found a staircase to the Shoals.
 19996 | Lair:3   | Reached XP level 15. HP: 90/90 MP: 23/23
 20361 | Lair:3   | Got a steaming lapis lazuli ring
 20362 | Lair:3   | Identified the ring of the Enemy {+Inv MP+9} (You found it on level 3 of the Lair of Beasts)
 20594 | Lair:4   | Reached skill level 1 in Evocations
 21056 | Lair:4   | Noticed Kadarus's ghost (journeyman FoCK)
 21093 | Lair:4   | Killed Kadarus's ghost
 21116 | Lair:4   | Noticed Rupert
 21347 | Lair:4   | Killed Rupert
 22044 | Lair:5   | Found a staircase to the Slime Pits.
 22064 | Lair:5   | Noticed Kirke
 22066 | Lair:5   | Noticed a sphinx
 22075 | Lair:5   | Paralysed by a sphinx for 4 turns
 22081 | Lair:5   | HP: 3/90 [sphinx[Kirke] (7)]
 22081 | Lair:5   | Demolished by a sphinx

Vault maps used:
D:1:      dpeg_arrival_signposts
D:2:      first_bread
D:3:      minmay_misc_feat_alley, minmay_ruptured
D:4:      serial_shops, shop
D:5:      nicolae_dithmenos_shadow_blocks, uniq_eustachio, uniq_blork_the_orc,
          uniq_menkaure
D:7:      serial_shops, nicolae_shop_temple_entry_statues_fountains, basic_altar
D:8:      grunt_temple_overflow_open
D:9:      hangedman_little_slice_of_home
D:10:     lair_entry_dummy, kennysheep_orc_monster_closet_entryway,
          serial_shops, kennysheep_little_box, shop,
          nicolae_shop_temple_entry_statues_fountains
D:11:     uniq_fannar
D:13:     david_vaults_2, serial_shops, nicolae_shop_crystal,
          kennysheep_another_room
D:14:     grunt_decor_one_mirror, uniq_josephine
D:15:     hangedman_depths_entry_civil_slaughter, minmay_misc_feat_rugged,
          due_unseen_surprise, uniq_roxanne
Temple:   eino_temple_scatter_basement
Lair:1:   st_stairs_13, serial_bayou_shore_b, infiniplex_staircase_pool_2
Lair:2:   minmay_snake_entry_guardpost_large, grunt_megastairs_2,
          serial_bayou_shore_b
Lair:3:   lemuel_ratsnest, minmay_shoals_entry_beasts, minmay_lair_oklob_items,
          grunt_megastairs_3, lemuel_fruit_fields, lemuel_fruit_tree,
          lemuel_fruit_fields
Lair:4:   uniq_rupert
Lair:5:   minmay_slime_entry_jelly_boxes, minivault_27, columned_hall_lemuel,
          uniq_kirke
Orc:1:    uniq_maurice
Orc:2:    grunt_orc_gardens, grunt_orc_garden, grunt_orc_garden,
          grunt_orc_garden, grunt_orc_garden, portal_ice_cave_demonic_guard,
          lab_entry_generic

Skill      XL: |  1  2  3  4  5  6  7  8  9 10 11 12 13 14 15 |
---------------+----------------------------------------------+-----
Axes           | 2 3 4 5 6 7 8 9 10 11 12 | 12.2
Shields        | 4 5 7 8 10 11 13 14 | 14.5
Armour         | 4 5 6 8 9 10 11 | 11.0
Fighting       | 4 5 6 8 9 10 11 13 14 | 14.0
Invocations    | 3 6 8 10 11 | 11.5
Evocations     | 3 |  3.4

Action                   |  1- 3 |  4- 6 |  7- 9 | 10-12 | 13-15 || total
-------------------------+-------+-------+-------+-------+-------++-------
Melee: War axe           |   104 |    29 |    55 |    29 |   920 ||  1137
       Dagger            |       |   161 |   426 |   977 |   102 ||  1666
       Flail             |       |       |       |   270 |   167 ||   437
Invok: Upheaval          |       |       |       |     7 |     7 ||    14
 Abil: Fly               |       |       |       |       |     1 ||     1
Evoke: Wand              |       |     1 |    18 |     7 |     1 ||    27
  Use: Scroll            |       |    10 |     5 |    10 |    12 ||    37
       Potion            |       |       |     1 |     5 |    10 ||    16
 Stab: Confused          |       |       |       |       |     1 ||     1
  Eat: Chunk             |     1 |     7 |     9 |    18 |    16 ||    51
       Bread ration      |       |       |     1 |     2 |       ||     3
       Royal jelly       |       |       |     1 |     1 |     5 ||     7
       Fruit             |       |       |     1 |       |       ||     1
       Pizza             |       |       |     1 |       |       ||     1
       Beef jerky        |       |       |     1 |       |       ||     1
Armor: Scale mail        |    62 |    94 |   187 |       |       ||   343
       Plate armour      |       |       |   100 |   776 |   479 ||  1355
       Skin              |       |       |       |       |     1 ||     1
Dodge: Dodged            |    42 |    64 |   149 |   274 |   165 ||   694
       Deflected         |       |       |       |       |    17 ||    17
Block: Shield            |    65 |       |    74 |  1219 |  1176 ||  2534
       Buckler           |     1 |    26 |    75 |       |       ||   102
       Other             |       |       |       |       |     3 ||     3
